 Dungeon Crawl Stone Soup version 0.29-a0-1039-gfc20370e89 (webtiles) character file.

Game seed: 8671549745227116596

84 BritishOli the Trooper (level 4, 36/36 HPs)
             Began as a Demonspawn Fighter on Aug 15, 2022.
             Got out of the dungeon alive.
             The game lasted 00:02:35 (2053 turns).

BritishOli the Trooper (Demonspawn Fighter)         Turns: 2053, Time: 00:02:35

Health: 36/36      AC:  6    Str: 18    XL:     4   Next: 23%
Magic:  4/4        EV:  9    Int:  9    God:
Gold:   57         SH:  8    Dex: 13    Spells: 3/3 levels left

rFire   . . .      SeeInvis .   a - +0 long sword
rCold   . . .      Faith    .   c - +0 buckler
rNeg    . . .      Spirit   .   b - +0 scale mail
rPois   +          Reflect  .   (no helmet)
rElec   .          Harm     .   (no cloak)
rCorr   .          Rampage  .   (no gloves)
Will    .....                   (no boots)
Stlth   ..........              m - amulet of Feuloll {RegenMP Fly rPois Slay+3}
HPRegen 0.12/turn               (no ring)
MPRegen 0.49/turn               (no ring)

@: flying
A: foul stench 1, condensation shield
a: no special abilities


You escaped.
You visited 1 branch of the dungeon, and saw 3 of its levels.

You collected 57 gold pieces.

Inventory:

Hand Weapons
 a - a +0 long sword (weapon)
Armour
 b - a +0 scale mail (worn)
 c - a +0 buckler (worn)
Jewellery
 m - the amulet of Feuloll (around neck) {RegenMP Fly rPois Slay+3}
   (You found it on level 2 of the Dungeon)

   [amulet of magic regeneration]

   It increases your rate of magic regeneration.
   Slay:      It affects your accuracy & damage with ranged weapons and melee
   (+3).
   rPois:     It protects you from poison.
   Fly:       It grants you flight.
Scrolls
 e - 2 scrolls of identify {unknown}
 j - 2 scrolls of teleportation {unknown}
 l - a scroll of amnesia {unknown}
Potions
 d - 2 potions of might
 f - a potion of curing {unknown}
 g - 2 potions of cancellation {unknown}
 h - a potion of berserk rage {unknown}
 i - a potion of brilliance {unknown}
 k - a potion of resistance {unknown}
 n - 2 potions of heal wounds {unknown}
 o - a potion of flight {unknown}


   Skills:
 + Level 3.6 Fighting
 + Level 2.4 Long Blades
 + Level 3.2 Armour
 + Level 3.3 Shields


You had 3 spell levels left.
You didn't know any spells.
Your spell library contained the following spells:

 Spells                   Type           Power      Damage    Failure   Level
 Scorch                   Fire           0%         2d5       94%         2
 Confusing Touch          Hex            0%         N/A       99%         3
 Flame Wave               Conj/Fire      0%         2d4       100%        4
 Alistair's Intoxication  Tmut/Pois      0%         N/A       100%        5
 Borgnjor's Vile Clutch   Necr/Erth      0%         N/A       100%        5
 Yara's Violent Unravell  Hex/Tmut       0%         3d3       100%        5
 Eringya's Noxious Bog    Tmut/Pois      0%         N/A       100%        6
 Summon Cactus Giant      Summ           0%         N/A       100%        6
 Enfeeble                 Hex            0%         N/A       100%        7


Dungeon Overview and Level Annotations

Branches:
Dungeon (3/15)

Altars:


Innate Abilities, Weirdness & Mutations

You may rarely emit foul miasma when damaged in melee.
A meltable shield of frost defends you. (SH +4)


Message History

You hit the ball python.
The ball python is severely wounded.
You block the ball python's attack. The ball python grabs you.
The ball python constricts you.
The ball python bites you but does no damage.
The ball python constricts you.
A ball python is nearby!
You slash the ball python!
You kill the ball python!
You see here a ball python corpse.
You now have 57 gold pieces (gained 12).
j - 2 scrolls labelled LUGUEF LE BOME (gained 1) Done exploring.
No target in view!
Done exploring.
No target in view!
Done exploring.
No target in view!
Done exploring.
Done exploring.
Done exploring.
No target in view!
Done exploring.
No target in view!
(D) Dungeon
Where to? (Enter - D:2, ? - help)
You see here a ball python corpse.
You see here 9 stones.
You see here an adder skeleton.
Items here: ))) ÷.
There is a stone staircase leading up here.
You fly upwards.
There is a stone staircase leading down here.
(D) Dungeon
Where to? (Enter - D:1, ? - help)
Okay, then.
There is an open gate here.
There is a staircase leading out of the dungeon here.
Are you sure you want to leave the Dungeon?
This will make you lose the game!
You have escaped!

#######################
≈≈≈≈≈≈≈≈≈≈≈≈≈≈≈≈≈≈≈≈≈♣
≈≈≈≈≈≈≈≈≈≈≈≈≈≈≈≈≈≈♣♣♣♣
≈≈≈≈≈≈≈≈~~≈≈≈~~~≈≈♣
≈≈≈≈≈~≈≈~..~≈..♣♣♣♣
≈≈≈≈≈~..........)♣
≈≈≈~~............♣
≈≈~~............P♣
≈≈~....P.♣.....♣@♣
≈≈≈~..........♣♣♣♣
≈≈≈......♣P.P.♣ ≈≈~.....♣########
≈≈≈~....P##.....#
≈~.......##.#####
≈~~.....P##...###################
≈≈~~....♣##>.....................
≈≈≈~....♣##.#.#.......###########


There were no monsters in sight!

Vanquished Creatures
  Robin (D:2)
  An adder (D:2)
  A worm (D:2)
  A dart slug (D:2)
  7 ball pythons
  4 endoplasms
  A giant cockroach (D:1)
  7 hobgoblins
  5 kobolds
  4 quokkas
  3 bats
  5 frilled lizards
  10 goblins (D:2)
  4 rats
54 creatures vanquished.

Notes
Turn   | Place    | Note
-------+----------+-------------------------------------------
     0 | D:1      | BritishOli the Demonspawn Fighter began the quest for the
                  | Orb.
     0 | D:1      | Reached XP level 1. HP: 18/18 MP: 1/1
   242 | D:1      | Gained mutation: A meltable shield of frost defends you.
                  | (SH +4) [demonic ancestry]
   242 | D:1      | Reached XP level 2. HP: 24/24 MP: 2/2
   549 | D:1      | You fall into a shaft and drop 1 floor!
   791 | D:2      | Gained mutation: You may rarely emit foul miasma when
                  | damaged in melee. [demonic ancestry]
   791 | D:2      | Reached XP level 3. HP: 29/29 MP: 3/3
   800 | D:2      | Found a faded altar of an unknown god.
   841 | D:2      | Identified the amulet of Feuloll {RegenMP Fly rPois Slay+3}
  1549 | D:2      | Noticed Robin
  1779 | D:2      | Killed Robin
  1780 | D:2      | Reached XP level 4. HP: 34/35 MP: 4/4
  2053 | D:$      | Got out of the dungeon alive.

Illustrated notes

Levels and vault maps discovered:
D:1:      kennysheep_arrival_seaside, layout_basic
D:2:      kb_forest_paths, layout_rooms,
          hellmonk_ecumenical_altar_leap_of_faith, uniq_robin
D:3:      layout_basic, eat_drink_and_be_merry_uskayaw, uniq_terence

Skill      XL: |  1  2 |
---------------+-------+-----
Long Blades    | 2 |  2.4
Shields        | 3 |  3.3
Armour         | 3 |  3.2
Fighting       | |  3.6

Action                   |  1- 3 |  4- 6 || total
-------------------------+-------+-------++-------
Melee: Long sword        |   124 |    21 ||   145
Armor: Scale mail        |    65 |     6 ||    71
Dodge: Dodged            |    44 |     7 ||    51
Block: Buckler           |    55 |     5 ||    60

Table legend: (Time is in decaauts)
 A = Elapsed time spent in this place.
 B = Non-inter-level travel time spent in this place.
 C = Inter-level travel time spent in this place.
 D = Time resting spent in this place.
 E = Time spent auto-exploring this place.
 F = Levels seen in this place.
 G = Mean time per level.
                   A        B        C        D        E       F      G
               +--------+--------+--------+--------+--------+-----+--------+
         Total |   2103 |   1947 |    156 |    357 |   1202 |   3 |  701.0 |
       Dungeon |   2103 |   1947 |    156 |    357 |   1202 |   3 |  701.0 |
               +--------+--------+--------+--------+--------+-----+--------+

Top non-repeatable levels by time:
     D:1: 971 daAuts
     D:2: 970 daAuts
     D:3: 161 daAuts
